[Event "Titled Tuesday Blitz August 22 Late 2023"]
[White "disciplinedbrat"]
[Black "Capp, Stephen"]
[BlackFideId "2027089"]
[WhiteElo "2325"]
[BlackElo "2179"]
[Result "1-0"]
[Round "8"]
[TimeControl "180+1"]
[Date "2023.08.22"]
[WhiteClock "0:00:52"]
[BlackClock "0:00:12"]
[Board "143"]

1. Nc3 e5 2. d4 exd4 3. Qxd4 Nc6 4. Qd1 Nf6 5. Nf3 Be7 6. e4 d6 7. Bc4 O-O 8. h3 Be6 9. Nd5 Bxd5 10. exd5 Ne5 11. Nxe5 dxe5 12. O-O h6 13. Re1 Bd6 14. Bb3 a6 15. c4 b5 16. cxb5 axb5 17. Bc2 Re8 18. Qd3 e4 19. Qxb5 Qe7 20. Be3 Qe5 21. g3 Nxd5 22. Bd2 Rab8 23. Qc4 e3 24. Bxe3 Nxe3 25. Rxe3 Qxb2 26. Rb1 Qf6 27. Rxb8 Rxb8 28. Bb3 Rf8 29. Qd5 Qg6 30. Kg2 Kh8 31. Rf3 f6 32. Bc4 Qg5 33. Rf5 Qc1 34. Bd3 Re8 35. Rf3 Qa1 36. Qf5 Kg8 37. Bc4+ Kf8 38. Qd5 Re7 39. Qg8# 1-0


[Site "https://www.chess.com"]

[Event "Titled Tuesday Blitz August 22 Late 2023"]
[White "laskakid"]
[Black "Fominykh, Maria"]
[BlackFideId "4142411"]
[WhiteElo "2131"]
[BlackElo "2294"]
[Result "0-1"]
[Round "8"]
[TimeControl "180+1"]
[Date "2023.08.22"]
[WhiteClock "0:00:04"]
[BlackClock "0:00:04"]
[Board "144"]

1. e4 d6 2. d4 Nf6 3. Nc3 Nbd7 4. Nf3 e5 5. Rg1 c6 6. g4 exd4 7. Nxd4 Nc5 8. g5 Nfxe4 9. Nxe4 Nxe4 10. Qe2 Qe7 11. Bg2 d5 12. Bf4 Nc5 13. Be3 Ne6 14. O-O-O Nxd4 15. Rxd4 Bf5 16. Re1 O-O-O 17. Ra4 a6 18. Qf3 g6 19. Re2 Bg7 20. Bb6 Be4 21. Qg4+ f5 22. gxf6+ Qd7 23. Qxd7+ Rxd7 24. fxg7 Rxg7 25. Bxe4 dxe4 26. Raxe4 Rf7 27. Re7 Rhf8 28. Rxf7 Rxf7 29. Rd2 Rf8 30. Kd1 Re8 31. f3 Rf8 32. Ke2 Re8+ 33. Kf2 a5 34. Kg3 a4 35. a3 Rf8 36. Kg4 h6 37. f4 Rg8 38. h3 Rf8 39. Rd6 Rg8 40. Kf3 Kb8 41. Rd8+ Rxd8 42. Bxd8 Kc8 43. Bf6 Kd7 44. Bg7 h5 45. Ke4 Ke6 46. Bh6 b6 47. Bg5 b5 48. h4 c5 49. Bh6 b4 50. Bf8 bxa3 51. bxa3 c4 52. Bb4 Kf6 53. Bd2 Ke6 54. Kd4 Kf5 55. Kxc4 Kg4 56. Kd4 Kxh4 57. c4 Kg4 58. c5 h4 59. Be3 h3 60. c6 h2 61. c7 h1=Q 62. c8=Q+ Kg3 63. Qg8 Qd1+ 64. Ke4 Qc2+ 65. Ke5 Qb2+ 66. Bd4 Qe2+ 67. Kd5 Qa2+ 68. Kd6 Qxg8 69. Kc5 Qf7 70. Kb4 Qd5 71. Be5 Qb3+ 72. Kc5 Qxa3+ 73. Kd5 Qb3+ 74. Ke4 Kg4 0-1


[Site "https://www.chess.com"]

[Event "Titled Tuesday Blitz August 22 Late 2023"]
[White "Saucey, Michel"]
[Black "Hilby, Craig"]
[WhiteFideId "601845"]
[BlackFideId "2062674"]
[WhiteElo "2261"]
[BlackElo "2644"]
[Result "0-1"]
[Round "8"]
[TimeControl "180+1"]
[Date "2023.08.22"]
[WhiteClock "0:00:23"]
[BlackClock "0:01:07"]
[Board "145"]

1. d4 Nf6 2. Nf3 e6 3. c4 c5 4. d5 exd5 5. cxd5 d6 6. Nc3 g6 7. Nd2 Bg7 8. e4 O-O 9. Be2 Re8 10. O-O Na6 11. f3 Nc7 12. a4 a6 13. a5 Rb8 14. Nc4 Nb5 15. Na4 Nd7 16. Rb1 Ne5 17. Ncb6 Nd4 18. b4 cxb4 19. Rxb4 Nxe2+ 20. Qxe2 f5 21. Nxc8 Qxc8 22. Be3 Qd8 23. f4 Ng4 24. Bb6 Qd7 25. Rd1 Rxe4 26. Rxe4 fxe4 27. Nb2 Re8 28. Nc4 Nf6 29. Ne3 Qa4 30. f5 Nd7 31. fxg6 hxg6 32. Qg4 Nxb6 33. axb6 Qb3 34. Rf1 Qxe3+ 0-1


[Site "https://www.chess.com"]

[Event "Titled Tuesday Blitz August 22 Late 2023"]
[White "kiwibobo"]
[Black "Navyblue1"]
[WhiteElo "2286"]
[BlackElo "2034"]
[Result "0-1"]
[Round "8"]
[TimeControl "180+1"]
[Date "2023.08.22"]
[WhiteClock "0:01:37"]
[BlackClock "0:00:20"]
[Board "146"]

1. e4 c5 2. Nf3 d6 3. d4 cxd4 4. Nxd4 Nf6 5. Nc3 a6 6. Be2 e5 7. Nb3 Be6 8. f4 exf4 9. Bxf4 Nc6 10. Qd2 Ne5 11. Nd4 Qc8 12. Nxe6 Qxe6 13. O-O-O Be7 14. Nd5 Nxd5 15. exd5 Qd7 16. Bxe5 dxe5 17. d6 Bf6 18. h3 O-O 19. Bg4 Qc6 20. Bf3 e4 21. Be2 Rfd8 22. Qd5 Qb6 23. c3 Qe3+ 24. Qd2 Qc5 25. Qd5 Qe3+ 26. Qd2 Qc5 27. Kb1 Be5 28. Qd5 Qxd5 29. Rxd5 Bxd6 30. Rhd1 Bc7 31. Bc4 Rxd5 32. Rxd5 Rf8 33. Rd7 Bf4 34. Rxb7 e3 35. Re7 g6 36. Kc2 Kg7 37. Kd3 Bg5 38. Ke2 h6 39. Bxa6 Bxe7 40. Kxe3 Ra8 41. Bc4 Bc5+ 42. Ke4 Bf2 43. Kf3 Be1 44. Ke2 Bg3 45. Kf3 Be5 46. Ke4 Bf6 47. Kd5 Ra4 48. Bb3 Ra5+ 49. Ke4 Ra7 50. a3 Rb7 51. Bd5 Rxb2 52. c4 Be7 53. a4 Bb4 54. Bc6 Rc2 55. Bb5 Re2+ 56. Kf3 Re5 57. Kf4 Rc5 58. Ke4 Kf6 59. Kd4 Rg5 60. g4 Bc5+ 61. Kc3 Re5 62. a5 Re1 63. a6 Ra1 64. Kd3 Ke5 65. Ke2 f5 66. gxf5 gxf5 67. Kf3 Ra3+ 68. Ke2 f4 69. Kf1 f3 70. Bc6 Kf4 71. Bb7 Ra1# 0-1


[Site "https://www.chess.com"]

[Event "Titled Tuesday Blitz August 22 Late 2023"]
[White "Cooper, Aaron"]
[Black "dorpato"]
[WhiteFideId "2634945"]
[WhiteElo "2255"]
[BlackElo "2022"]
[Result "1-0"]
[Round "8"]
[TimeControl "180+1"]
[Date "2023.08.22"]
[WhiteClock "0:01:35"]
[BlackClock "0:00:12"]
[Board "147"]

1. e4 c5 2. Nf3 d6 3. d4 cxd4 4. Nxd4 Nf6 5. Nc3 a6 6. Bc4 e5 7. Nde2 Be7 8. O-O O-O 9. Bg5 b5 10. Bb3 Nbd7 11. Bxf6 Nxf6 12. Ng3 Bb7 13. Nd5 Nxd5 14. Bxd5 Bxd5 15. Qxd5 Rc8 16. c3 Rc5 17. Qd3 Qc7 18. Rad1 Rd8 19. Nf5 a5 20. Qg3 g6 21. h4 Kh8 22. Ne3 b4 23. Nd5 Qb7 24. cxb4 axb4 25. h5 Bf8 26. Qf3 Bg7 27. h6 Bxh6 28. Qf6+ Bg7 29. Qxd8+ 1-0


[Site "https://www.chess.com"]

[Event "Titled Tuesday Blitz August 22 Late 2023"]
[White "Ai, Evan"]
[Black "Bongo Akanga Ndjila, Barthelemy"]
[WhiteFideId "2094770"]
[BlackFideId "10609431"]
[WhiteElo "2250"]
[BlackElo "2031"]
[Result "1-0"]
[Round "8"]
[TimeControl "180+1"]
[Date "2023.08.22"]
[WhiteClock "0:00:13"]
[BlackClock "0:01:08"]
[Board "148"]

1. e4 c6 2. d4 d5 3. Nc3 dxe4 4. Nxe4 Nf6 5. Ng3 h5 6. h4 Bg4 7. Be2 Bxe2 8. N1xe2 e6 9. Bg5 Nbd7 10. Qd3 Bd6 11. Ne4 Bb4+ 12. c3 Be7 13. N4g3 g6 14. Nf4 Nf8 15. O-O-O Qa5 16. Kb1 O-O-O 17. Qc4 Rd7 18. Rhe1 N8h7 19. Nh3 Nxg5 20. Nxg5 Nd5 21. Nxf7 Rf8 22. Ne5 Rdd8 23. Nxg6 Rxf2 24. Nxe7+ Nxe7 25. Qxe6+ Rd7 26. Ne4 Rxg2 27. Nc5 Qc7 28. Nxd7 Qxd7 29. Qxe7 Qf5+ 30. Ka1 Qc2 31. Qf8+ Kc7 32. Re7+ Kb6 33. Qd8+ Ka6 34. Rb1 Rd2 35. Re5 b6 36. Qc8# 1-0


[Site "https://www.chess.com"]

[Event "Titled Tuesday Blitz August 22 Late 2023"]
[White "Adan Bermudez, Sergio"]
[Black "Bazzano, Sebastian"]
[WhiteFideId "2292726"]
[BlackFideId "104566"]
[WhiteElo "1993"]
[BlackElo "2228"]
[Result "0-1"]
[Round "8"]
[TimeControl "180+1"]
[Date "2023.08.22"]
[WhiteClock "0:00:00"]
[BlackClock "0:00:19"]
[Board "149"]

1. d4 Nf6 2. Nc3 d5 3. Bf4 c6 4. e3 g6 5. h4 Bg7 6. h5 Nxh5 7. Rxh5 gxh5 8. Qxh5 Nd7 9. Qh2 Nf6 10. Nf3 Bf5 11. O-O-O Ne4 12. Nxe4 Bxe4 13. Nd2 Bg6 14. Nb3 a5 15. Bc7 Qd7 16. Nc5 Qf5 17. Rd2 O-O 18. Bd3 Qc8 19. Be2 Re8 20. g4 f6 21. Bf4 e5 22. Bh6 Qc7 23. Bd3 Qf7 24. Bf5 b6 25. Nd3 exd4 26. exd4 Bxf5 27. gxf5 Bxh6 28. Qxh6 Qg7 29. Qh2 Kh8 30. f3 Qg5 0-1


[Site "https://www.chess.com"]

[Event "Titled Tuesday Blitz August 22 Late 2023"]
[White "Burke, Paul"]
[Black "Quirke, Jeffrey"]
[WhiteFideId "2605767"]
[BlackFideId "2013029"]
[WhiteElo "1853"]
[BlackElo "2164"]
[Result "0-1"]
[Round "8"]
[TimeControl "180+1"]
[Date "2023.08.22"]
[WhiteClock "0:00:00"]
[BlackClock "0:00:04"]
[Board "150"]

1. e4 Nf6 2. Bc4 d5 3. exd5 Nxd5 4. c3 c6 5. Nf3 Bg4 6. d4 e6 7. Nbd2 Be7 8. Qc2 Nd7 9. Bd3 Nf4 10. Bf1 Qc7 11. g3 Nd5 12. Bg2 O-O 13. O-O c5 14. h3 Bf5 15. Qd1 h6 16. a3 Rfd8 17. Qe2 Bf6 18. Ne4 Be7 19. dxc5 Bxe4 20. Qxe4 Nxc5 21. Qe2 Nb3 22. Rb1 a5 23. Re1 Rac8 24. Ne5 Nb6 25. Nxf7 Nxc1 26. Rbxc1 Kxf7 27. Qxe6+ Kf8 28. Re4 Bf6 29. Rf4 Re8 30. Rxf6+ gxf6 31. Qxf6+ Kg8 32. Qxh6 Rcd8 33. Rc2 Rd6 34. Qg5+ Qg7 35. Qf4 Red8 36. Re2 Rf6 37. Qh4 Rdf8 38. f4 Rd8 39. Be4 Rfd6 40. Bf5 Rd1+ 41. Kf2 R8d2 0-1


[Site "https://www.chess.com"]

[Event "Titled Tuesday Blitz August 22 Late 2023"]
[White "Mr_November18"]
[Black "Oliveira, Tiago Batista"]
[BlackFideId "2108291"]
[WhiteElo "1964"]
[BlackElo "2130"]
[Result "1-0"]
[Round "8"]
[TimeControl "180+1"]
[Date "2023.08.22"]
[WhiteClock "0:00:50"]
[BlackClock "0:00:00"]
[Board "151"]

1. e4 e5 2. Nf3 Nc6 3. d4 exd4 4. Bc4 Bc5 5. c3 Nf6 6. cxd4 Bb4+ 7. Nc3 Nxe4 8. O-O Bxc3 9. bxc3 d5 10. Bd3 O-O 11. c4 Bg4 12. h3 Bxf3 13. Qxf3 Nxd4 14. Qe3 Nf5 15. Qf4 Nfd6 16. cxd5 Qf6 17. Qxf6 Nxf6 18. Rd1 Nxd5 19. Bxh7+ Kxh7 20. Rxd5 Rfe8 21. Ba3 Nc4 22. Bb4 c6 23. Rd7 Kg6 24. Rxb7 Reb8 25. Rxb8 Rxb8 26. Bc5 a5 27. Rc1 Ne5 28. Bd4 Nd3 29. Rxc6+ f6 30. Ra6 Rb1+ 31. Kh2 Rf1 32. Rxa5 Nxf2 33. Bxf2 Rxf2 34. Ra8 f5 35. Kg3 Rb2 36. a4 Rb3+ 37. Kh2 Ra3 38. a5 Kg5 39. a6 g6 40. a7 f4 41. Kg1 Ra1+ 42. Kf2 Ra2+ 43. Kf3 Ra3+ 44. Ke4 Ra5 45. h4+ Kg4 46. Rg8 Rxa7 47. Rxg6+ Kxh4 48. Kxf4 Rf7+ 49. Ke5 Rf8 50. g4 1-0


[Site "https://www.chess.com"]

[Event "Titled Tuesday Blitz August 22 Late 2023"]
[White "Duda, Jan-Krzysztof"]
[Black "Nakamura, Hikaru"]
[WhiteFideId "1170546"]
[BlackFideId "2016192"]
[WhiteElo "3093"]
[BlackElo "3242"]
[Result "0-1"]
[Round "9"]
[TimeControl "180+1"]
[Date "2023.08.22"]
[WhiteClock "0:00:00"]
[BlackClock "0:00:45"]
[Board "1"]

1. e4 a6 2. d4 c6 3. Bd3 d5 4. e5 c5 5. c3 Nc6 6. Ne2 e6 7. O-O cxd4 8. cxd4 Nb4 9. Nbc3 Nxd3 10. Qxd3 Ne7 11. Ng3 h5 12. Bg5 h4 13. Nge2 Bd7 14. Qh3 Qb6 15. Rfd1 Nf5 16. g4 Ne7 17. Nf4 Rc8 18. Rd2 Nc6 19. Rad1 Na5 20. b3 Nc6 21. Nce2 Be7 22. Bxe7 Nxe7 23. Qe3 Bb5 24. Nc3 Kd7 25. Rc1 Rc7 26. Rcd1 Rhc8 27. Nxb5 Qxb5 28. Nh5 h3 29. Qxh3 Rc3 30. Rd3 Rc1 31. Kg2 Ng6 32. Qe3 R1c2 33. a4 Qb4 34. Nxg7 R8c3 35. Kg3 Qxb3 36. h4 Rxd3 37. Rxd3 Qb1 38. Kh2 Qf1 39. Rd2 Rc1 40. Qf3 Qg1+ 41. Kh3 Rc3 0-1


[Site "https://www.chess.com"]

[Event "Titled Tuesday Blitz August 22 Late 2023"]
[White "Andreikin, Dmitry"]
[Black "Sarana, Alexey"]
[WhiteFideId "4158814"]
[BlackFideId "24133795"]
[WhiteElo "3003"]
[BlackElo "3087"]
[Result "1/2-1/2"]
[Round "9"]
[TimeControl "180+1"]
[Date "2023.08.22"]
[WhiteClock "0:00:04"]
[BlackClock "0:00:03"]
[Board "2"]

1. d4 Nf6 2. c4 e6 3. Nf3 d5 4. Bg5 Be7 5. e3 h6 6. Bh4 Nbd7 7. Nc3 O-O 8. Rc1 c6 9. a3 a6 10. c5 e5 11. Be2 e4 12. Nd2 Re8 13. b4 Nf8 14. a4 Ng6 15. Bg3 Bf5 16. b5 axb5 17. axb5 Qd7 18. O-O h5 19. h3 h4 20. Bh2 Ra3 21. Re1 Rea8 22. Bf1 Bd8 23. Qc2 Nh7 24. Qb2 Ng5 25. Ra1 R3a5 26. Rxa5 Rxa5 27. Kh1 Kh7 28. Nb3 Ra8 29. Ra1 Rxa1 30. Qxa1 Bc7 31. Bxc7 Qxc7 32. b6 Qe7 33. Nd2 Qf6 34. Kg1 Nf8 35. Qa8 Nfe6 36. Qxb7 Qg6 37. Kh2 Bxh3 38. gxh3 Qf5 39. Kg1 Nxh3+ 40. Bxh3 Qxh3 41. Qxf7 Qg4+ 42. Kf1 h3 43. Ndxe4 dxe4 44. Nxe4 Qxe4 45. Qh5+ Kg8 46. Qe8+ Kh7 47. Qh5+ Kg8 48. Qe8+ Kh7 49. Qh5+ 1/2-1/2


[Site "https://www.chess.com"]

[Event "Titled Tuesday Blitz August 22 Late 2023"]
[White "Martinez Alcantara, Jose Eduardo"]
[Black "Pakleza, Zbigniew"]
[WhiteFideId "3805662"]
[BlackFideId "1119290"]
[WhiteElo "3034"]
[BlackElo "2875"]
[Result "0-1"]
[Round "9"]
[TimeControl "180+1"]
[Date "2023.08.22"]
[WhiteClock "0:00:00"]
[BlackClock "0:00:03"]
[Board "3"]

1. e4 d5 2. exd5 Nf6 3. Nf3 Nxd5 4. d4 Bg4 5. h3 Bh5 6. c4 Nb6 7. Be3 e6 8. Nc3 Nc6 9. d5 exd5 10. cxd5 Nb8 11. Bb5+ c6 12. dxc6 Qxd1+ 13. Rxd1 bxc6 14. Be2 Bb4 15. O-O O-O 16. g4 Bg6 17. Ne5 Re8 18. Nxg6 hxg6 19. Bf3 Bxc3 20. bxc3 Rc8 21. Bf4 Nd5 22. Bxd5 cxd5 23. Rxd5 Nc6 24. Re1 f6 25. Kg2 g5 26. Bg3 Re8 27. Rxe8+ Rxe8 28. Rd7 Re4 29. Rc7 Rc4 30. a4 a5 31. f3 Rxc3 32. Bf2 Rc2 33. Kg3 Kh7 34. Bb6 Rc4 35. Rc8 Kg6 36. Rc7 Kh7 37. h4 gxh4+ 38. Kxh4 Ne5 39. Rxc4 Nxc4 40. Bd4 Kg6 41. Kg3 Kf7 42. Kf4 Ke6 43. Ke4 g6 44. Kd3 Kd5 45. Bxf6 Nb6 46. Bc3 Nxa4 47. Bxa5 Nc5+ 48. Ke3 Ne6 49. Bb4 Ke5 50. Be7 Kd5 51. Bf6 Kd6 52. Ke4 Nc5+ 53. Kd4 Ne6+ 54. Kc4 Nf8 55. Bc3 Nd7 56. Kd4 Ke6 57. Ke4 Nc5+ 58. Kf4 Kf7 59. Bd4 Ne6+ 60. Ke3 Ng5 61. Be5 Ne6 62. Bf4 Nc5 63. Bd6 Ne6 64. Ke4 Ng5+ 65. Ke3 Ne6 66. f4 Nd8 67. Ke4 Ne6 68. Ke5 Nd8 69. Bb4 Nc6+ 70. Ke4 Nxb4 71. g5 Ke6 72. f5+ gxf5+ 73. Kf4 Nd5+ 74. Kf3 Ne7 0-1


[Site "https://www.chess.com"]

[Event "Titled Tuesday Blitz August 22 Late 2023"]
[White "Matlakov, Maxim"]
[Black "Nihal Sarin"]
[WhiteFideId "4168003"]
[BlackFideId "25092340"]
[WhiteElo "3020"]
[BlackElo "3152"]
[Result "1-0"]
[Round "9"]
[TimeControl "180+1"]
[Date "2023.08.22"]
[WhiteClock "0:00:13"]
[BlackClock "0:00:01"]
[Board "4"]

1. d4 d5 2. Nf3 Nf6 3. Bg5 c6 4. Nbd2 Bg4 5. e3 Nbd7 6. Be2 e6 7. O-O Bd6 8. c4 O-O 9. Qb3 Qb8 10. h3 Bh5 11. Rfe1 h6 12. Bxf6 Nxf6 13. Rac1 a5 14. a3 a4 15. Qc2 Bc7 16. Bd3 Ba5 17. Rf1 dxc4 18. Nxc4 Bxf3 19. gxf3 Bc7 20. f4 Qd8 21. Ne5 Nd5 22. Kh2 Qh4 23. Qe2 Rad8 24. Rcd1 Nxf4 25. exf4 Qxf4+ 26. Kg2 Rxd4 27. Nf3 Rfd8 28. Bc2 R4d5 29. Rxd5 Rxd5 30. Rd1 Rg5+ 31. Kf1 Rc5 32. Rd7 Rd5 33. Rxd5 cxd5 34. Kg2 g6 35. Qb5 Qc1 36. Bxa4 Kg7 37. Qxb7 Bd8 38. Be8 Bc7 39. Qc6 Qf4 40. Qc3+ e5 41. Qxc7 1-0


[Site "https://www.chess.com"]

[Event "Titled Tuesday Blitz August 22 Late 2023"]
[White "Paravyan, David"]
[Black "Bluebaum, Matthias"]
[WhiteFideId "4194985"]
[BlackFideId "24651516"]
[WhiteElo "2970"]
[BlackElo "3034"]
[Result "1-0"]
[Round "9"]
[TimeControl "180+1"]
[Date "2023.08.22"]
[WhiteClock "0:00:08"]
[BlackClock "0:00:02"]
[Board "5"]

1. e4 e6 2. d4 d5 3. Nd2 c5 4. exd5 Qxd5 5. dxc5 Nf6 6. Ngf3 Qxc5 7. g3 Be7 8. Bg2 O-O 9. O-O Qc7 10. Nb3 Nc6 11. Re1 Rd8 12. Qe2 b6 13. Bf4 Bd6 14. Bxd6 Rxd6 15. Nfd4 Rxd4 16. Bxc6 Qxc6 17. Nxd4 Qc7 18. Qe5 Qb7 19. Rad1 Bd7 20. Rd3 Rc8 21. b4 h6 22. a3 Ba4 23. Re2 a6 24. f3 Kh8 25. Red2 Rc4 26. h4 Rc8 27. g4 Nd7 28. Qd6 Nf8 29. c3 Be8 30. Kh2 Ba4 31. Kg3 Re8 32. h5 Nh7 33. Qe5 f6 34. Qe4 Qb8+ 35. Kg2 Ng5 36. Qe3 e5 37. Nf5 Bc6 38. Rd5 Bxd5 39. Rxd5 Qc7 40. Qd3 Ne6 41. Rd7 Nf4+ 42. Kg3 Qc6 43. Qd2 Ne6 44. Rxg7 Nxg7 45. Qxh6+ Kg8 46. Qxg7# 1-0


[Site "https://www.chess.com"]

[Event "Titled Tuesday Blitz August 22 Late 2023"]
[White "Sadhwani, Raunak"]
[Black "Chigaev, Maksim"]
[WhiteFideId "35093487"]
[BlackFideId "4108116"]
[WhiteElo "3031"]
[BlackElo "2967"]
[Result "1-0"]
[Round "9"]
[TimeControl "180+1"]
[Date "2023.08.22"]
[WhiteClock "0:00:33"]
[BlackClock "0:00:02"]
[Board "6"]

1. e4 e5 2. Nf3 Nc6 3. Bb5 a6 4. Ba4 Nf6 5. O-O Be7 6. d3 d6 7. c3 O-O 8. Re1 Re8 9. Nbd2 Bf8 10. Nf1 h6 11. Ng3 b5 12. Bb3 Be6 13. Bxe6 Rxe6 14. d4 d5 15. dxe5 Nxe4 16. Nd4 Nxd4 17. cxd4 Nxg3 18. hxg3 c5 19. Be3 c4 20. f4 b4 21. f5 Rc6 22. Qh5 a5 23. g4 a4 24. g5 g6 25. Qh3 Qc8 26. g4 c3 27. bxc3 Rxc3 28. gxh6 Kh7 29. Rf1 g5 30. Rae1 b3 31. Qh5 Qe8 32. Bxg5 bxa2 33. Bf6 Rb8 34. g5 Rbb3 35. e6 Rg3+ 36. Kf2 Rbf3+ 37. Qxf3 Rxf3+ 38. Kxf3 Qb5 39. exf7 Qd3+ 40. Kg4 Bxh6 41. g6# 1-0


[Site "https://www.chess.com"]

[Event "Titled Tuesday Blitz August 22 Late 2023"]
[White "Kravtsiv, Martyn"]
[Black "Xiong, Jeffery"]
[WhiteFideId "14113147"]
[BlackFideId "2047640"]
[WhiteElo "2909"]
[BlackElo "3013"]
[Result "0-1"]
[Round "9"]
[TimeControl "180+1"]
[Date "2023.08.22"]
[WhiteClock "0:00:00"]
[BlackClock "0:00:37"]
[Board "7"]

1. e4 e6 2. d4 d5 3. e5 c5 4. c3 Nc6 5. Nf3 Bd7 6. Be2 cxd4 7. cxd4 Nge7 8. Na3 Nf5 9. Nc2 Be7 10. O-O O-O 11. g3 Rc8 12. Bd3 f6 13. Bf4 g5 14. exf6 Bxf6 15. Be3 Qe7 16. Qd2 h6 17. Kh1 Bg7 18. Rae1 Qf7 19. a3 Nd6 20. Ng1 e5 21. dxe5 Nxe5 22. Nd4 Ndc4 23. Bxc4 dxc4 24. f4 Qd5+ 25. Qg2 Qxg2+ 26. Kxg2 Nd3 27. Re2 gxf4 28. gxf4 Bxd4 29. Bxd4 Nxf4+ 30. Rxf4 Rxf4 31. Bxa7 c3 32. bxc3 Rxc3 33. Re3 Rg4+ 34. Kf3 Rcc4 35. Ne2 Bc6+ 36. Kf2 Rg2+ 37. Ke1 Rxh2 38. Rg3+ Kf7 39. Be3 h5 40. Nf4 h4 41. Rg5 Re4 42. Rf5+ Ke8 0-1


[Site "https://www.chess.com"]

[Event "Titled Tuesday Blitz August 22 Late 2023"]
[White "Kramnik, Vladimir"]
[Black "Keymer, Vincent"]
[WhiteFideId "4101588"]
[BlackFideId "12940690"]
[WhiteElo "2940"]
[BlackElo "2973"]
[Result "1-0"]
[Round "9"]
[TimeControl "180+1"]
[Date "2023.08.22"]
[WhiteClock "0:00:16"]
[BlackClock "0:00:00"]
[Board "8"]

1. e4 c6 2. d4 d5 3. Nd2 dxe4 4. Nxe4 Nf6 5. Nxf6+ exf6 6. c3 Bd6 7. Bd3 O-O 8. Ne2 Re8 9. O-O Nd7 10. Ng3 g6 11. Bh6 Nb6 12. Qd2 f5 13. Rfe1 Be6 14. Bg5 Qc7 15. b3 Nd5 16. Rad1 a5 17. c4 Bf4 18. Bxf4 Nxf4 19. Bf1 a4 20. h4 axb3 21. axb3 Bd7 22. Re5 Ne6 23. Rde1 Qd6 24. d5 Nc7 25. Rxe8+ Rxe8 26. Rxe8+ Bxe8 27. Qg5 h6 28. Nxf5 1-0


[Site "https://www.chess.com"]

[Event "Titled Tuesday Blitz August 22 Late 2023"]
[White "Naroditsky, Daniel"]
[Black "Elsa167"]
[WhiteFideId "2026961"]
[WhiteElo "3154"]
[BlackElo "2896"]
[Result "1-0"]
[Round "9"]
[TimeControl "180+1"]
[Date "2023.08.22"]
[WhiteClock "0:00:03"]
[BlackClock "0:00:00"]
[Board "9"]

1. e4 c5 2. Nf3 d6 3. Bb5+ Nd7 4. O-O a6 5. Bd3 Ngf6 6. Re1 g6 7. c3 Bg7 8. Bc2 O-O 9. d4 cxd4 10. cxd4 b5 11. e5 dxe5 12. dxe5 Ng4 13. Bf4 Bb7 14. Nbd2 Qb6 15. Qe2 Rac8 16. Bb3 Nc5 17. h3 Nxb3 18. axb3 Nh6 19. Ne4 Nf5 20. Rad1 Rfd8 21. b4 Rxd1 22. Qxd1 Rd8 23. Qc1 Nd4 24. Nxd4 Qxd4 25. Nc5 Bc8 26. Bg5 Re8 27. Bd2 Rd8 28. Bc3 Qd5 29. Qf4 a5 30. e6 Bxe6 31. Bxg7 Kxg7 32. Nxe6+ fxe6 33. bxa5 Qa2 34. Qb4 Kf7 35. Re3 Rd5 36. Rf3+ Rf5 37. Rxf5+ gxf5 38. Qxb5 Qb1+ 39. Kh2 Qe4 40. Qb8 e5 41. Qb3+ e6 42. a6 Qf4+ 43. Qg3 Qa4 44. Qa3 Qf4+ 45. Qg3 Qa4 46. Qxe5 Qxa6 47. b4 Qc4 48. Qc5 Qf4+ 49. Kg1 Qc1+ 50. Qxc1 1-0


[Site "https://www.chess.com"]

[Event "Titled Tuesday Blitz August 22 Late 2023"]
[White "So, Wesley"]
[Black "Zierk, Steven"]
[WhiteFideId "5202213"]
[BlackFideId "2034255"]
[WhiteElo "3086"]
[BlackElo "2868"]
[Result "1-0"]
[Round "9"]
[TimeControl "180+1"]
[Date "2023.08.22"]
[WhiteClock "0:00:07"]
[BlackClock "0:00:13"]
[Board "10"]

1. b3 d5 2. Bb2 Bf5 3. Nf3 e6 4. g3 Nf6 5. Bg2 h6 6. O-O c6 7. d3 Nbd7 8. Nbd2 a5 9. Qe1 a4 10. e4 dxe4 11. dxe4 Bh7 12. Qe2 Be7 13. e5 Nd5 14. Ne4 a3 15. Bd4 c5 16. c4 cxd4 17. cxd5 d3 18. Qe3 Bxe4 19. Qxe4 Nc5 20. Qg4 Qxd5 21. Qxg7 O-O-O 22. Qxf7 Rd7 23. Nd2 Qxe5 24. Nc4 Qc7 25. b4 Rf8 26. Qg7 Na4 27. Rac1 Kb8 28. Ne5 Qd6 29. Nxd7+ Qxd7 30. Qxh6 d2 31. Rcd1 Bxb4 32. Rxd2 Qxd2 33. Qg7 Kc8 34. Qxb7+ Kd8 35. Qa8+ Ke7 36. Qxa4 Bc5 37. Qh4+ Kd6 38. Kh1 Rxf2 39. Qd8+ Ke5 40. Qh8+ Kd6 41. Qb8+ Kd7 42. Qb5+ Kd8 43. Qxc5 Rxf1+ 44. Bxf1 Qxa2 45. Qb6+ Ke7 46. Qc7+ Kf6 47. Qf4+ Ke7 48. Bc4 Qb1+ 49. Kg2 Qc2+ 50. Kh3 a2 51. Qc7+ Kf6 52. Qd8+ Kf7 53. Qd7+ Kf8 54. Qd8+ Kf7 55. Qd7+ Kf8 56. Qd6+ Kg7 57. Qe7+ Kh8 58. Qf8+ Kh7 59. Qf7+ Kh8 60. Qf6+ Kh7 61. Qe7+ Kh8 62. Qf6+ Kh7 63. Qh4+ Kg7 64. Qg4+ Kf8 65. Qf4+ Ke7 66. Qc7+ Kf6 67. Qd8+ Kg7 68. Qd7+ Kh8 69. Qd4+ Kh7 70. Bd3+ Kh6 71. Bxc2 1-0


[Site "https://www.chess.com"]

[Event "Titled Tuesday Blitz August 22 Late 2023"]
[White "Deac, Bogdan-Daniel"]
[Black "Diaz Camallonga, Carles"]
[WhiteFideId "1226380"]
[BlackFideId "22235256"]
[WhiteElo "3037"]
[BlackElo "2812"]
[Result "1-0"]
[Round "9"]
[TimeControl "180+1"]
[Date "2023.08.22"]
[WhiteClock "0:00:29"]
[BlackClock "0:00:00"]
[Board "11"]

1. d4 d5 2. Bf4 Nf6 3. e3 c5 4. c3 Nc6 5. Nd2 Bf5 6. dxc5 e5 7. Bg3 Bxc5 8. Ngf3 e4 9. Ng1 O-O 10. Nb3 Bb6 11. Ne2 Re8 12. Bh4 Ne5 13. Nf4 Bg4 14. Be2 Bxe2 15. Qxe2 Ng6 16. Bxf6 Qxf6 17. Nxd5 Qe6 18. O-O-O Ne5 19. Nf4 Qc6 20. Kb1 a5 21. Nd4 Qc5 22. Qb5 Red8 23. Qxc5 Bxc5 24. Nb3 Bb6 25. Rxd8+ Rxd8 26. Kc2 Nc4 27. Nd4 a4 28. Rd1 g6 29. g4 Bc7 30. b3 axb3+ 31. axb3 Ne5 32. Nb5 Rxd1 33. Kxd1 Bb8 34. h3 Kg7 35. Nd4 Kf6 36. Ke2 Kg5 37. Kf1 1-0


[Site "https://www.chess.com"]

[Event "Titled Tuesday Blitz August 22 Late 2023"]
[White "Gorovets, Andrey"]
[Black "Nguyen, Ngoc Truong Son"]
[WhiteFideId "13504037"]
[BlackFideId "12401110"]
[WhiteElo "2804"]
[BlackElo "3007"]
[Result "1-0"]
[Round "9"]
[TimeControl "180+1"]
[Date "2023.08.22"]
[WhiteClock "0:00:12"]
[BlackClock "0:00:01"]
[Board "12"]

1. d4 g6 2. g3 Bg7 3. Bg2 d6 4. Nf3 f5 5. c4 Nf6 6. b4 O-O 7. Bb2 a5 8. b5 a4 9. O-O Kh8 10. Qd3 c6 11. Nc3 a3 12. Bc1 Be6 13. bxc6 bxc6 14. d5 cxd5 15. Nd4 Bg8 16. cxd5 Nbd7 17. Nc6 Qe8 18. Be3 Ng4 19. Bd4 Nge5 20. Qb5 f4 21. Rab1 g5 22. Rfd1 Qh5 23. Nxe7 fxg3 24. fxg3 Ng4 25. Bxg7+ Kxg7 26. h3 Nde5 27. Qb7 Kh8 28. Qb6 Nf2 29. Qxd6 g4 30. h4 Nxd1 31. Rxd1 Rad8 32. Qxa3 Nc4 33. Qb4 Qe5 34. Qxc4 Qxe7 35. Qd4+ Qg7 36. e4 Qxd4+ 37. Rxd4 Rc8 38. Ne2 Rc2 39. Nf4 Rxa2 40. e5 Rb8 41. d6 Rb1+ 42. Kh2 Rb8 43. e6 Bxe6 44. Nxe6 Rbb2 45. Nf4 Rd2 46. Rxd2 Rxd2 47. Nd5 1-0


[Site "https://www.chess.com"]

[Event "Titled Tuesday Blitz August 22 Late 2023"]
[White "Ghazarian, Kirk"]
[Black "Grischuk, Alexander"]
[WhiteFideId "30908604"]
[BlackFideId "4126025"]
[WhiteElo "2764"]
[BlackElo "3004"]
[Result "0-1"]
[Round "9"]
[TimeControl "180+1"]
[Date "2023.08.22"]
[WhiteClock "0:01:37"]
[BlackClock "0:01:40"]
[Board "13"]

1. e4 e5 2. d4 exd4 3. Qxd4 Nc6 4. Qd3 Nf6 5. Nf3 Bb4+ 6. Bd2 O-O 7. Bxb4 Nxb4 8. Qc4 a5 9. Nbd2 d5 10. exd5 Re8+ 11. Be2 b6 12. Qb3 Nfxd5 13. a3 a4 14. axb4 axb3 15. Rxa8 Nf4 16. O-O Nxe2+ 17. Kh1 bxc2 18. Nb3 Qd5 19. Ra3 Bg4 20. Nbd2 Bxf3 21. Nxf3 c1=Q 22. Rxc1 Nxc1 23. h3 Nd3 0-1


[Site "https://www.chess.com"]